 Dungeon Crawl Stone Soup version 0.24.0-1-gfbc8707122 (webtiles) character file.

Game seed: 831183999399831732, levelgen mode: deterministic

295490 Froggeryz the Axe Maniac (level 20, -1/187 HPs)
             Began as a Minotaur Berserker on Oct 26, 2019.
             Was the Champion of Trog.
             Killed from afar by an ogre mage (29 damage)
             ... with a bolt of fire
             ... while paralysed by a vampire knight
             ... on level 3 of the Vaults.
             The game lasted 01:46:35 (43999 turns).

Froggeryz the Axe Maniac (Minotaur Berserker)      Turns: 43999, Time: 01:46:36

Health: -1/187     AC: 35    Str: 26    XL:     20   Next: 6%
Magic:  26/26      EV:  2    Int:  4    God:    Trog [******]
Gold:   2811       SH:  0    Dex: 22    Spells: 19/19 levels left

rFire    . . .     SeeInvis .   V - +5 executioner's axe (elec)
rCold    + . .     Gourm    +   (shield currently unavailable)
rNeg     . . .     Faith    .   x - +5 crystal plate armour
rPois    +         Spirit   .   (helmet restricted)
rElec    .         Reflect  .   f - +0 cloak
rCorr    .         Harm     .   y - +0 pair of gloves {Dex+3}
MR       +....                  a - +1 pair of boots {Fly}
Stlth    ..........             S - amulet "Famones" {Gourm rPois Dex+4}
HPRegen  0.41/turn              H - +3 ring of protection
MPRegen  0.20/turn              C - ring of protection from cold

@: paralysed, flying
A: retaliatory headbutt, horns 2
}: 2/15 runes: barnacled, gossamer
a: Berserk, Trog's Hand, Brothers in Arms, Renounce Religion, Stop Flying


You were on level 3 of the Vaults.
You worshipped Trog.
Trog was exalted by your worship.
You were completely stuffed.

You visited 6 branches of the dungeon, and saw 34 of its levels.
You visited the Abyss 1 time.
You also visited: Bailey and Ice Cave.

You collected 3816 gold pieces.
You spent 1005 gold pieces at shops.

Inventory:

Hand Weapons
 i - the +0 executioner's axe "Dyrach" {drain, +Fly rElec}
   (Trog gifted it to you on level 9 of the Dungeon)

   A truly terrible weapon, it drains the life of those it strikes.
   It insulates you from electricity.
   It lets you fly.
 n - a +7 demon trident of electrocution
 F - a +1 antimagic executioner's axe
 V - a +5 executioner's axe of electrocution (weapon)
Missiles
 p - 6 throwing nets
 D - 3 silver javelins
 L - 18 javelins (quivered)
Armour
 a - a +1 pair of boots of flying (worn)
 f - a +0 cloak (worn)
 x - a +5 crystal plate armour (worn)
 y - a +0 pair of gloves of dexterity (worn)
Jewellery
 o - an uncursed amulet of faith {unknown}
 s - an uncursed amulet of regeneration
 C - a ring of protection from cold (right hand)
 H - a +3 ring of protection (left hand)
 O - an uncursed ring of positive energy
 S - the amulet "Famones" (around neck) {Gourm rPois Dex+4}
   (You bought it in a shop on level 2 of the Orcish Mines)

   [amulet of the gourmand]

   It allows you to eat raw meat even when not hungry.
   It affects your dexterity (+4).
   It protects you from poison.
 U - an uncursed ring of fire
Wands
 d - a wand of polymorph (8)
 e - a wand of iceblast (6)
 u - a wand of acid (11)
 B - a wand of digging (4)
 P - a wand of paralysis (8)
 Z - a wand of enslavement (8)
Scrolls
 h - 11 scrolls of magic mapping
 j - 9 scrolls of identify
 r - a scroll of silence
 t - 14 scrolls of teleportation
 v - 4 scrolls of fog
 E - 5 scrolls of fear
 G - 7 scrolls of remove curse
 I - 4 scrolls of enchant weapon
 K - a scroll of holy word
 M - a scroll of blinking
 R - a scroll of brand weapon {unknown}
 Y - 3 scrolls of enchant armour
Potions
 b - a potion of resistance
 g - 3 potions of heal wounds
 k - 3 potions of haste
 l - 4 potions of ambrosia
 q - 11 potions of curing
 w - 3 potions of agility
 z - 4 potions of cancellation
 A - a potion of mutation
 N - 3 potions of berserk rage
 T - 2 potions of might
Miscellaneous
 m - a sack of spiders
 J - a box of beasts
 W - a lightning rod (4/4)
 X - a fan of gales
Comestibles
 c - 64 rations


   Skills:
 + Level 17.9 Fighting
 O Level 27 Axes
 - Level 13.0 Throwing
 - Level 12.8 Armour
 - Level 11.0 Dodging
 + Level 10.2 Evocations


You had 19 spell levels left.
You didn't know any spells.
Your spell library was empty.

Dungeon Overview and Level Annotations

Branches:
Dungeon (15/15)            Temple (0/1) D:6            Lair (6/6) D:8
 Shoals (4/4) Lair:2       Spider (4/4) Lair:3        Slime (0/5) Lair:6
    Orc (2/2) D:11            Elf (0/3) Orc:2        Vaults (3/5) D:14
 Depths (0/5) D:15         Bailey (visited)           IceCv (visited)
  Crypt: Vaults:2-3

Altars:
Cheibriados
Kikubaaqudgha
Makhleb
Nemelex Xobeh
Ru
Sif Muna
Vehumet
Wu Jian
Xom
Yredelemnul
Zin

Shops:
D:4 (   Orc:2 }%(=*%!?   Shoals:1 %   Vaults:2 (

Annotations:
D:10 1 runed translucent door
D:14 exclusions: 2 tormentors and 4 more exclusions


Innate Abilities, Weirdness & Mutations

You reflexively headbutt those who attack you in melee.
You have a pair of horns on your head.


Message History

The two-headed ogre hits you but does no damage.
The vampire knight casts a spell.
The vampire knight flickers and vanishes!
Deactivating autopickup; reactivate with Ctrl-A.
The ogre mage hits you but does no damage.
The two-headed ogre hits you with a +0 giant spiked club.
The two-headed ogre hits you with a +0 giant club!
The two-headed ogre hits you but does no damage. x2
The ogre mage points at you and mumbles some strange words.
The crystal spear hits you!!!
The two-headed ogre hits you but does no damage. x2
You hear some strange, mumbled words.
The ogre mage casts a spell at you. The crystal spear hits you!!!
* * * LOW HITPOINT WARNING * * *
The two-headed ogre hits you but does no damage. x2
The two-headed ogre hits you but does no damage. x2
The ogre mage points at you and mumbles some strange words.
The bolt of fire hits you!!
You die...

#........##.#
#.
#........##.#
#.
##'########.#
#. ##.# #.# #
#. ##..# #.#
#.#.####...#
#..
####.#..##....#
####'
......OO#.....#
#....
##....O@#....##
#....
........'...##
#....
##......'..##
#....
#......#.##
#....
#......###
#.... ########
#####


You could see 2 two-headed ogres and an ogre mage.

Vanquished Creatures
  Xtahua (Vaults:2)
  Polyphemus (Shoals:3)
  A kraken (Shoals:2)
  A tentacled starspawn (Abyss:2)
  Kirke (Lair:5)
  Ilsuiw (Shoals:3)
  Aizul (Shoals:1)
  A deep elf sorcerer (Vaults:2)
  8 vault wardens
  4 ghost moths
  6 emperor scorpions
  2 frost giants (Vaults:3)
  3 very ugly things (Vaults:2)
  2 stone giants (Vaults:2)
  6 ironheart preservers
  2 entropy weavers
  A deep elf annihilator (Vaults:1)
  A spark wasp (Spider:4)
  2 merfolk javelineers
  A green death (Abyss:2)
  An ettin (Orc:1)
  5 fire dragons
  2 blizzard demons (IceCv)
  2 yaktaur captains
  13 merfolk impalers
  Josephine (D:15)
  A great orb of eyes (Vaults:3)
  2 rakshasas
  4 ice dragons
  10 vault guards
  7 merfolk avatars
  3 centaur warriors
  5 death knights
  3 catoblepae
  23 two-headed ogres
  2 hydras
  4 alligator snapping turtles
  3 merfolk aquamancers
  2 satyrs
  2 deep troll shamans
  An orc high priest (Orc:1)
  5 ogre magi
  A queen ant (Lair:3)
  3 death yaks (Shoals:3)
  3 tengu warriors
  Urug (Lair:3)
  2 deep troll earth magi
  A thrashing horror (Abyss:2)
  5 deep elf knights
  2 fire crabs (Shoals:2)
  A skeletal warrior (D:13)
  A shadow wraith (Vaults:3)
  2 spatial maelstroms (Abyss:2)
  3 deep trolls (Vaults:1)
  14 sea snakes
  An unseen horror (D:10)
  2 starcursed masses (Abyss:2)
  A flayed ghost (Vaults:2)
  3 wizards
  A lindwurm (shapeshifter) (Vaults:3)
  11 orc knights
  A phantasmal warrior (Abyss:2)
  A deep elf archer (Vaults:1)
  5 ironbrand convokers
  29 ugly things
  21 orb spiders
  2 lindwurms (Lair:6)
  5 cyclopes
  12 harpies
  3 orc sorcerers
  18 fauns
  8 deep elf magi
  An iron dragon skeleton (Abyss:2)
  6 elephants (Lair:5)
  17 manticores
  6 centaur zombies
  3 water nymphs
  10 black mambas
  12 merfolk sirens
  30 wolf spiders
  A guardian serpent (Lair:6)
  A smoke demon (Abyss:2)
  An apocalypse crab (Abyss:2)
  An ice statue (IceCv)
  7 vault sentinels
  5 torpor snails
  11 spiny frogs
  2 rime drakes (Lair:6)
  2 centaur skeletons
  A komodo dragon (shapeshifter) (D:15)
  15 demonic crawlers
  An elf (Vaults:2)
  20 yaktaurs
  5 freezing wraiths
  11 komodo dragons
  2 efreet
  A golden dragon simulacrum (IceCv)
  5 anaconda simulacra (IceCv)
  A jumping spider (shapeshifter) (D:13)
  2 queen bees
  An ancient zyme (Abyss:2)
  5 ice devils (IceCv)
  4 trolls
  The ghost of Mrkan the Skirmisher, an amateur GnWn (D:6)
  A tengu conjurer (D:13)
  49 jumping spiders
  A polar bear (shapeshifter) (Abyss:2)
  2 tyrant leeches (Lair:6)
  30 merfolk
  3 polar bears
  6 wind drakes
  10 hippogriffs
  14 hornets
  13 blink frogs
  13 snapping turtles
  14 slime creatures
  10 dream sheep
  Sigmund (D:3)
  27 tarantellas
  68 redbacks
  A dire elephant simulacrum (IceCv)
  12 wyverns
  46 yaks
  5 wraiths
  4 large abominations (Abyss:2)
  5 hogs (Lair:5)
  3 water elementals
  A ynoxinul (Abyss:2)
  2 fire bats (Shoals:2)
  2 vampires
  A basilisk (Lair:2)
  A small abomination (Abyss:2)
  A golden eye (shapeshifter) (Vaults:3)
  3 vampire mosquitoes (D:14)
  2 harpy simulacra (IceCv)
  2 spatial vortices (Abyss:2)
  3 iron troll simulacra (IceCv)
  10 soldier ants
  An acid dragon (D:12)
  18 water moccasins
  8 wargs
  A soldier ant (shapeshifter) (D:13)
  2 hydra simulacra (IceCv)
  5 hell hounds (Abyss:2)
  45 orc warriors
  11 porcupines
  3 sky beasts
  2 hornet zombies (D:10)
  5 phantoms
  An eye of draining (D:14)
  16 ogres
  2 black bears
  3 necrophages
  8 crocodiles
  13 wolves
  3 boggarts
  24 centaurs
  A centaur (shapeshifter) (D:14)
  17 bullfrogs
  2 gnoll sergeants (D:10)
  A wyvern zombie (D:12)
  A water moccasin zombie (D:6)
  2 scorpions
  A water moccasin skeleton (D:4)
  10 wights
  A swamp dragon simulacrum (IceCv)
  39 killer bees
  4 howler monkeys
  2 electric eels
  3 draconian simulacra (IceCv)
  2 bullfrog zombies
  3 hounds
  A quasit (D:9)
  A human simulacrum (Vaults:3)
  21 orc priests
  8 crimson imps
  7 jellies
  A bullfrog skeleton (D:6)
  An iron imp (Abyss:2)
  Terence (D:2)
  Jessica (D:2)
  2 iguanas
  Natasha (thrice) (D:3)
  28 orc wizards
  33 worker ants
  2 polar bear simulacra (IceCv)
  4 troll simulacra (IceCv)
  A killer bee zombie (D:10)
  A wolf simulacrum (IceCv)
  2 centaur simulacra (IceCv)
  3 hound skeletons
  2 worker ant zombies
  A howler monkey skeleton (D:6)
  16 adders
  14 gnolls
  2 naga simulacra (IceCv)
  5 shadow imps
  5 white imps (IceCv)
  5 ufetubi (IceCv)
  17 oozes
  2 adder zombies
  An adder skeleton (D:6)
  A worm (D:3)
  4 dart slugs
  10 leopard geckos
  128 orcs
  9 bats
  6 giant cockroaches
  9 goblins
  13 hobgoblins
  5 jackals
  9 kobolds
  6 quokkas
  4 ball pythons
  6 frilled lizards
  A jackal skeleton (D:5)
  A leopard gecko skeleton (D:4)
  A quokka skeleton (D:5)
  9 rats
  A fungus (Lair:3)
  21 plants
  4 tentacles (Shoals:2)
1566 creatures vanquished.

Vanquished Creatures (others)
  2 orc warriors (D:6)
  A black bear (D:6)
  A boggart (Vaults:1)
  An orc wizard (D:6)
  A worker ant (D:6)
  A worker ant zombie (D:6)
  An adder (D:6)
  A jackal (D:6)
  19 fungi
  78 plants
  6 starspawn tentacles (Abyss:2)
  5 tentacles (Shoals:2)
117 creatures vanquished.

Grand Total: 1683 creatures vanquished

Notes
Turn   | Place    | Note
-------+----------+-------------------------------------------
     0 | D:1      | Froggeryz the Minotaur Berserker began the quest for the
                  | Orb.
     0 | D:1      | Reached XP level 1. HP: 19/19 MP: 0/0
   217 | D:1      | Reached skill level 4 in Axes
   224 | D:1      | Reached XP level 2. HP: 19/27 MP: 1/1
   848 | D:1      | Reached XP level 3. HP: 33/33 MP: 2/2
   908 | D:1      | Reached ** piety under Trog
  1038 | D:2      | Reached skill level 5 in Axes
  1146 | D:2      | Noticed Jessica
  1153 | D:2      | Killed Jessica
  1199 | D:2      | Reached XP level 4. HP: 33/40 MP: 3/3
  1232 | D:2      | Noticed Terence
  1242 | D:2      | Killed Terence
  1242 | D:2      | Reached skill level 6 in Axes
  1351 | D:2      | Found a sacrificial altar of Ru.
  1762 | D:2      | Reached XP level 5. HP: 37/46 MP: 4/4
  2021 | D:3      | Reached skill level 7 in Axes
  2542 | D:3      | Noticed Sigmund
  2545 | D:3      | Reached *** piety under Trog
  2898 | D:3      | Killed Sigmund
  2898 | D:3      | Reached skill level 8 in Axes
  2898 | D:3      | Reached XP level 6. HP: 37/52 MP: 5/5
  3084 | D:3      | Reached skill level 9 in Axes
  3108 | D:3      | Noticed Natasha
  3114 | D:3      | Killed Natasha
  3450 | D:3      | Noticed Natasha
  3455 | D:3      | Killed Natasha
  3505 | D:3      | Noticed Natasha
  3511 | D:3      | Killed Natasha
  3544 | D:4      | Reached XP level 7. HP: 58/59 MP: 6/6
  4116 | D:4      | Found the +2 shield of Resistance {rF+ rC+ MR+}
  4160 | D:4      | Reached skill level 10 in Axes
  4253 | D:4      | Found Gohir's Weapon Boutique.
  4413 | D:5      | Entered Level 5 of the Dungeon
  4581 | D:5      | Reached skill level 11 in Axes
  4707 | D:5      | Found a burning altar of Makhleb.
  4852 | D:5      | Reached XP level 8. HP: 66/66 MP: 7/7
  5207 | D:6      | Found a snail-covered altar of Cheibriados.
  5214 | D:6      | Reached **** piety under Trog
  5258 | D:6      | Reached skill level 12 in Axes
  5358 | D:6      | Found a staircase to the Ecumenical Temple.
  5463 | D:6      | Reached skill level 13 in Axes
  5696 | D:6      | Found a runed translucent door.
  5696 | D:6      | Noticed Mrkan's ghost (amateur GnWn)
  5790 | D:6      | Found a shimmering altar of Xom.
  5962 | D:6      | Killed Mrkan's ghost
  5962 | D:6      | Reached XP level 9. HP: 71/71 MP: 8/8
  6020 | D:7      | Reached skill level 14 in Axes
  6413 | D:7      | Reached ***** piety under Trog
  6650 | D:7      | Found an ornate altar of the Wu Jian Council.
  7264 | D:9      | Noticed a troll
  7273 | D:9      | Killed a troll
  7273 | D:9      | Reached skill level 15 in Axes
  7467 | D:9      | Found a flagged portal.
  7476 | Bailey   | Entered a bailey
  7476 | Bailey   | Noticed an orc knight
  7477 | Bailey   | Noticed an orc knight
  7787 | D:8      | Found a staircase to the Lair.
  7795 | D:8      | Received a gift from Trog
  7882 | D:8      | Reached skill level 5 in Armour
  8149 | Lair:1   | Entered Level 1 of the Lair of Beasts
  8170 | Lair:1   | Noticed a komodo dragon
  8182 | Lair:1   | Killed a komodo dragon
  8182 | Lair:1   | Reached XP level 10. HP: 43/78 MP: 9/9
  8402 | Lair:1   | Noticed a spiny frog
  8413 | Lair:1   | Killed a spiny frog
  8413 | Lair:1   | Reached skill level 16 in Axes
  9114 | Lair:1   | Noticed a spiny frog
  9118 | Lair:1   | Killed a spiny frog
  9118 | Lair:1   | Reached skill level 5 in Fighting
  9125 | Lair:1   | Got an ichor-stained long sword
  9126 | Lair:1   | Identified the +4 long sword of Weegej {venom, Dex+7} (You
                  | found it on level 1 of the Lair of Beasts)
  9271 | Lair:2   | Reached skill level 17 in Axes
  9273 | Lair:2   | Reached XP level 11. HP: 78/91 MP: 10/10
  9281 | Lair:2   | Received a gift from Trog
  9565 | Lair:2   | Found a staircase to the Shoals.
 10067 | Lair:3   | Found a hole to the Spider Nest.
 10265 | Lair:3   | Reached skill level 10 in Fighting
 10283 | Lair:3   | Noticed a queen ant
 10305 | Lair:3   | Killed a queen ant
 10448 | Lair:3   | Reached skill level 10 in Armour
 10526 | Lair:3   | Received a gift from Trog
 10526 | Lair:3   | Reached XP level 12. HP: 96/108 MP: 11/11
 10602 | Lair:3   | Reached ****** piety under Trog
 10925 | Lair:3   | Noticed Urug
 10937 | Lair:3   | Killed Urug
 10988 | Lair:3   | Reached skill level 18 in Axes
 11013 | Lair:3   | Noticed a five-headed hydra
 12326 | Lair:5   | Reached skill level 5 in Dodging
 12669 | Lair:5   | Noticed Kirke
 13101 | Lair:5   | Received a gift from Trog
 13108 | Lair:5   | Reached XP level 13. HP: 79/119 MP: 12/12
 13283 | Lair:5   | Killed Kirke
 13305 | Lair:6   | Entered Level 6 of the Lair of Beasts
 13443 | Lair:6   | Found a staircase to the Slime Pits.
 13589 | Lair:6   | Paralysed by a hornet for 3 turns
 14353 | Lair:6   | Reached skill level 19 in Axes
 14378 | Lair:6   | Reached skill level 10 in Dodging
 14704 | Lair:6   | Paralysed by a hornet for 3 turns
 14809 | Lair:6   | Found a runed translucent door.
 14941 | Lair:6   | Paralysed by a hornet for 1 turns
 14943 | Lair:6   | Paralysed by a hornet for 3 turns
 15784 | D:9      | Received a gift from Trog
 15785 | D:9      | Got a brightly glowing executioner's axe {god gift}
 15899 | D:9      | Reached XP level 14. HP: 106/130 MP: 13/13
 15985 | D:9      | Identified the +0 executioner's axe "Dyrach" {drain, +Fly
                  | rElec} (Trog gifted it to you on level 9 of the Dungeon)
 15999 | D:9      | Found a shimmering blue altar of Sif Muna.
 15999 | D:9      | Found a sparkling altar of Nemelex Xobeh.
 15999 | D:9      | Found a burning altar of Makhleb.
 16075 | D:9      | Found a glowing silver altar of Zin.
 16104 | D:9      | Found a basalt altar of Yredelemnul.
 16292 | D:10     | Entered Level 10 of the Dungeon
 16366 | D:10     | Found a runed translucent gate.
 16366 | D:10     | Found a runed translucent gate.
 16368 | D:10     | Found a runed translucent gate.
 16372 | D:10     | Found a runed translucent door.
 16372 | D:10     | Found a runed translucent door.
 16381 | D:10     | Received a gift from Trog
 16612 | D:10     | Found the +9 staff of Olgreb {rPois}
 17123 | D:11     | Found a staircase to the Orcish Mines.
 17421 | D:11     | Reached skill level 20 in Axes
 17610 | Orc:1    | Entered Level 1 of the Orcish Mines
 17635 | Orc:1    | Received a gift from Trog
 18009 | Orc:2    | Entered Level 2 of the Orcish Mines
 18009 | Orc:2    | Found Xiadokig's Magic Scroll Boutique.
 18097 | Orc:2    | Bought a scroll of noise for 14 gold pieces
 18167 | Orc:2    | Found Tiorehuapsy's Gadget Shoppe.
 18170 | Orc:2    | Found Asakeb's Food Emporium.
 18257 | Orc:2    | Received a gift from Trog
 18634 | Orc:2    | Found Vick's Food Shop.
 18634 | Orc:2    | Found Geukhy's Assorted Antiques.
 18636 | Orc:2    | Found Qurudghyu's Jewellery Shoppe.
 18638 | Orc:2    | Found Zusyagha's Distillery.
 18643 | Orc:2    | Bought a scroll labeled ZIBBU BARPH for 33 gold pieces
 18643 | Orc:2    | Bought a scroll of blinking for 247 gold pieces
 18650 | Orc:2    | Bought a potion of degeneration for 17 gold pieces
 18656 | Orc:2    | Bought the amulet "Famones" {Gourm rPois Dex+4} for 694
                  | gold pieces
 18762 | Orc:2    | Found a staircase to the Elven Halls.
 18766 | Orc:2    | Found Laetseot's Weapon Shoppe.
 18874 | Orc:2    | Reached skill level 21 in Axes
 20668 | D:13     | Received a gift from Trog
 20905 | D:13     | Reached XP level 15. HP: 130/138 MP: 4/14
 21422 | D:14     | Reached skill level 22 in Axes
 21840 | D:14     | Found an ancient bone altar of Kikubaaqudgha.
 22357 | D:14     | Found a gate to the Vaults.
 22886 | D:15     | Entered Level 15 of the Dungeon
 23468 | D:15     | Reached skill level 23 in Axes
 23473 | D:15     | Noticed Josephine
 23488 | D:15     | Killed Josephine
 23820 | D:15     | Received a gift from Trog
 24490 | D:15     | Found a staircase to the Depths.
 24948 | Shoals:1 | Entered Level 1 of the Shoals
 25137 | Shoals:1 | Found Tohoufij's Food Boutique.
 25146 | Shoals:1 | Noticed Aizul
 25250 | Shoals:1 | Found a radiant altar of Vehumet.
 25280 | Shoals:1 | Reached skill level 24 in Axes
 25987 | Shoals:1 | Reached XP level 16. HP: 135/146 MP: 5/15
 26063 | Shoals:1 | Killed Aizul
 26395 | Shoals:1 | Found a glowing silver altar of Zin.
 26902 | Shoals:2 | Noticed a kraken
 26914 | Shoals:2 | Killed a kraken
 26921 | Shoals:2 | Reached skill level 25 in Axes
 27325 | Shoals:2 | Received a gift from Trog
 27345 | Shoals:2 | Cast into level 2 of the Abyss (merfolk impaler)
 27448 | Abyss:2  | Noticed a tentacled starspawn
 27470 | Abyss:2  | Killed a tentacled starspawn
 27962 | Shoals:2 | Escaped the Abyss
 28077 | Shoals:2 | Reached skill level 26 in Axes
 28681 | Shoals:3 | Noticed Ilsuiw
 28717 | Shoals:3 | Noticed Polyphemus
 30222 | Shoals:3 | Killed Polyphemus
 30222 | Shoals:3 | Reached XP level 17. HP: 59/152 MP: 16/16
 30576 | Shoals:3 | Received a gift from Trog
 30730 | Shoals:3 | Killed Ilsuiw
 31417 | Shoals:4 | Entered Level 4 of the Shoals
 31438 | Shoals:4 | Reached skill level 27 in Axes
 33021 | Shoals:4 | Got a barnacled rune of Zot
 33088 | Shoals:4 | Reached skill level 15 in Fighting
 33119 | Shoals:4 | Received a gift from Trog
 33550 | Spider:1 | Entered Level 1 of the Spider Nest
 33762 | Spider:1 | Reached skill level 1 in Throwing
 33817 | Spider:1 | Found a frozen archway.
 33837 | IceCv    | Entered an ice cave
 34472 | IceCv    | Received a gift from Trog
 35788 | Spider:2 | Reached skill level 5 in Throwing
 36450 | Spider:2 | Received a gift from Trog
 36493 | Spider:2 | Reached XP level 18. HP: 159/166 MP: 17/17
 37338 | Spider:3 | Reached skill level 1 in Evocations
 37605 | Spider:4 | Entered Level 4 of the Spider Nest
 37824 | Spider:4 | Received a gift from Trog
 38944 | Spider:4 | Reached skill level 10 in Throwing
 38966 | Spider:4 | Received a gift from Trog
 39118 | Spider:4 | Received a gift from Trog
 39179 | Spider:4 | Reached skill level 5 in Evocations
 39349 | Spider:4 | Got a gossamer rune of Zot
 39709 | Vaults:1 | Entered Level 1 of the Vaults
 39810 | Vaults:1 | Received a gift from Trog
 40380 | Vaults:1 | You are sucked into a shaft and drop 1 floor!
 40404 | Vaults:1 | Reached XP level 19. HP: 165/172 MP: 22/22
 40590 | Vaults:1 | Received a gift from Trog
 41533 | Vaults:2 | Paralysed by a wizard for 2 turns
 42203 | Vaults:2 | Received a gift from Trog
 42602 | Vaults:2 | Found Vaghoygy's Antique Weapon Boutique.
 42616 | Vaults:2 | Noticed Xtahua
 42629 | Vaults:2 | Killed Xtahua
 43254 | Vaults:3 | Received a gift from Trog
 43861 | Vaults:3 | Reached skill level 10 in Evocations
 43863 | Vaults:3 | Reached XP level 20. HP: 187/187 MP: 26/26
 43924 | Vaults:3 | Received a gift from Trog
 43994 | Vaults:3 | Paralysed by a vampire knight for 5 turns
 43999 | Vaults:3 | Killed from afar by an ogre mage

Levels and vault maps discovered:
D:1:      mrwooster_arrival_statue_3, layout_basic, minmay_misc_feat_square
D:2:      layout_loops_cross, first_ration,
          hangedman_abyss_or_decor_lesser_grid,
          nicolae_ru_great_annihilating_truth, uniq_jessica, uniq_terence
D:3:      layout_rooms, serial_park_tiny_1, uniq_natasha, uniq_sigmund
D:4:      layout_rooms, serial_shops, shop
D:5:      layout_loops_cross, nrook_loot_triangle, bloody_makhleb
D:6:      layout_gridville, kennysheep_slug_shrine, xom_confusion_cloud,
          minmay_temple_entry_junction, gammafunk_ghost_grave
D:7:      layout_basic, nicolae_overflow_hidden_temple
D:8:      layout_gridville, lair_entry_dummy
D:9:      layout_roguey [special_room_orc], gammafunk_temple_overflow_forgotten,
          lemuel_crystal_altar, kennysheep_mini, enter_bailey_6
D:10:     layout_basic, minmay_guarded_unrand_staff_of_olgreb
D:11:     layout_long_grid, erik_orc_4, david_nohive_1, kennysheep_donut
D:12:     layout_basic
D:13:     layout_small_grid
D:14:     cheibrodos_tormentor_scu, layout_basic,
          lightli_vaults_fourway_checkpoint, basic_altar,
          chequers_serial_rivers_micro_d
D:15:     grunt_enter_depths_hoard, layout_long_grid, serial_park_square1
          [serial_park_minivault_5x5_3], serial_glass, glass_columns_a,
          glass_columns_c, uniq_josephine
Lair:1:   lemuel_slime, layout_regular_city, lemuel_fruit_tree
Lair:2:   layout_cave_shapes, minmay_shoals_entry_beasts, grunt_megastairs_3
Lair:3:   layout_cave_pods, spider_nest_entry_a, special_room
          [special_room_bee], minmay_another_anthill, uniq_urug
Lair:4:   layout_gridlike
Lair:5:   layout_concentric_octagons, grunt_megastairs_2,
          infiniplex_staircase_pool_2, uniq_kirke
Lair:6:   wormcave, layout_regular_city, hangedman_lair_tendril_chambers,
          slime_dummy
Shoals:1: layout_shoals, hangedman_feature_mirror, nicolae_shoals_c_island,
          uniq_aizul
Shoals:2: nzn_motion_control, layout_shoals, hangedman_shoal_volcano
Shoals:3: layout_shoals, uniq_ilsuiw, uniq_polyphemus
Shoals:4: shoals_end_simple, layout_shoals
Spider:1: layout_spider_delve, portal_ice_cave_entry_dragon
Spider:2: layout_spider_delve
Spider:3: layout_spider_delve, drop_trap
Spider:4: grunt_spider_rune_parallel, guppyfry_spider_mini_1
Orc:1:    layout_caves
Orc:2:    st_orc_rangers, layout_caves, serial_shops, shop, shop, shop, shop,
          mines_bat_river
Vaults:1: v_misc_4, vaults_room_stairs_pillars, v_misc_17, v_misc_19,
          vaults_dpeg_diagonal, v_pattern_4, nicolae_vaults_three_branches,
          vaults_room_hallway, v_rooms_6, layout_vaults_omnigrid
Vaults:2: hangedman_vaults_slither, hangedman_vaults_locks, v_pattern_2,
          vaults_room_semicircle, hangedman_vaults_cutoff,
          nicolae_vaults_little_squares_1, hangedman_vaults_stagger,
          nicolae_vaults_yaktaur_gun_rack, vaults_dpeg_hooks, v_alt_pattern_1,
          ontoclasm_vaults_loading_screen, nicolae_vaults_holding_cells,
          layout_vaults_omnicross, serial_shops, shop_statue, uniq_xtahua
Vaults:3: nicolae_vaults_circle_grid_b, vaults_room_door_hall,
          vaults_room_door_hall, vaults_room_semicircle,
          nicolae_vaults_triangles, nicolae_vaults_windows_and_doors_thing,
          hangedman_vaults_cutoff, v_misc_19, st_cross,
          vaults_dpeg_encased_lava, ontoclasm_vaults_ligature,
          nicolae_vaults_rhombus_5, layout_vaults_ring,
          minmay_crypt_entry_simple_walls

Skill      XL: |  1  2  3  4  5  6  7  8  9 10 11 12 13 14 15 16 17 18 19 |
---------------+----------------------------------------------------------+-----
Axes           | 4 5 6 8 9 11 13 15 17 18 19 21 24 26 27 | 27.0
Fighting       | 4 6 10 12 13 14 16 17 | 17.9
Armour         | 5 8 10 11 12 | 12.8
Dodging        | 7 11 | 11.0
Throwing       | 6 11 13 | 13.0
Evocations     | 6 10 | 10.2

Action                   |  1- 3 |  4- 6 |  7- 9 | 10-12 | 13-15 | 16-18 | 19-21 || total
-------------------------+-------+-------+-------+-------+-------+-------+-------++-------
Melee: Hand axe          |    87 |   139 |   399 |    43 |       |       |       ||   668
       Headbutt          |    11 |    23 |    88 |   144 |   320 |   366 |   117 ||  1069
       War axe           |       |       |       |   540 |   852 |       |       ||  1392
       Demon trident     |       |       |       |       |     6 |       |       ||     6
       Battleaxe         |       |       |       |       |   542 |       |       ||   542
       Executioner's axe |       |       |       |       |       |  1265 |   346 ||  1611
Throw: Dart              |       |     1 |    10 |    10 |     1 |     1 |       ||    23
       Javelin           |       |       |       |       |       |    26 |       ||    26
Invok: Berserk           |       |     3 |     7 |     6 |     4 |     2 |     3 ||    25
       Trog's Hand       |       |       |       |     2 |     1 |     2 |       ||     5
Evoke: Wand              |       |       |       |     6 |    10 |       |       ||    16
  Use: Potion            |       |       |     1 |     5 |     7 |     5 |       ||    18
       Scroll            |       |       |    19 |     7 |    14 |    11 |       ||    51
 Stab: Sleeping          |       |     1 |     2 |       |       |       |       ||     3
       Paralysed         |       |     1 |       |       |     1 |       |       ||     2
       Held in net/web   |       |       |       |       |       |     3 |       ||     3
  Eat: Chunk             |     1 |    10 |    13 |    24 |    70 |    48 |    15 ||   181
       Ration            |       |       |     2 |       |     1 |       |       ||     3
Armor: Animal skin       |    12 |    13 |    36 |       |       |       |       ||    61
       Leather armour    |       |       |     9 |       |       |       |       ||     9
       Chain mail        |       |       |     6 |   259 |    96 |       |       ||   361
       Crystal plate arm |       |       |       |       |   791 |   986 |   201 ||  1978
Dodge: Dodged            |    53 |    80 |   165 |   220 |   649 |   661 |   126 ||  1954
